Workbook

Sheet Summary
A1: Pest Control Fuel Budget Summary
A2: Indicators use only entered fuel log records and editable planning assumptions. Review every flagged item.
A4: Indicator | B4: Calculated Value | D4: Vehicle | E4: Budget Cost | F4: Actual Cost
A5: Budget Period Start | B5: ='Assumptions'!$B$4 | D5: ='Assumptions'!$A$13 | E5: =IF(OR(Assumptions!$B$4="",Assumptions!$B$5="",$D5=""),"",IF(COUNTIFS('Fuel Log'!$A$5:$A$104,">="&Assumptions!$B$4,'Fuel Log'!$A$5:$A$104,"<="&Assumptions!$B$5,'Fuel Log'!$D$5:$D$104,$D5,'Fuel Log'!$E$5:$E$104,"Completed",'Fuel Log'!$N$5:$N$104,">0")=0,"",SUMIFS('Fuel Log'!$M$5:$M$104,'Fuel Log'!$A$5:$A$104,">="&Assumptions!$B$4,'Fuel Log'!$A$5:$A$104,"<="&Assumptions!$B$5,'Fuel Log'!$D$5:$D$104,$D5,'Fuel Log'!$E$5:$E$104,"Completed",'Fuel Log'!$N$5:$N$104,">0"))) | F5: =IF(OR(Assumptions!$B$4="",Assumptions!$B$5="",$D5=""),"",IF(COUNTIFS('Fuel Log'!$A$5:$A$104,">="&Assumptions!$B$4,'Fuel Log'!$A$5:$A$104,"<="&Assumptions!$B$5,'Fuel Log'!$D$5:$D$104,$D5,'Fuel Log'!$E$5:$E$104,"Completed",'Fuel Log'!$N$5:$N$104,">0")=0,"",SUMIFS('Fuel Log'!$N$5:$N$104,'Fuel Log'!$A$5:$A$104,">="&Assumptions!$B$4,'Fuel Log'!$A$5:$A$104,"<="&Assumptions!$B$5,'Fuel Log'!$D$5:$D$104,$D5,'Fuel Log'!$E$5:$E$104,"Completed")))
A6: Budget Period End | B6: ='Assumptions'!$B$5 | D6: ='Assumptions'!$A$14 | E6: =IF(OR(Assumptions!$B$4="",Assumptions!$B$5="",$D6=""),"",IF(COUNTIFS('Fuel Log'!$A$5:$A$104,">="&Assumptions!$B$4,'Fuel Log'!$A$5:$A$104,"<="&Assumptions!$B$5,'Fuel Log'!$D$5:$D$104,$D6,'Fuel Log'!$E$5:$E$104,"Completed",'Fuel Log'!$N$5:$N$104,">0")=0,"",SUMIFS('Fuel Log'!$M$5:$M$104,'Fuel Log'!$A$5:$A$104,">="&Assumptions!$B$4,'Fuel Log'!$A$5:$A$104,"<="&Assumptions!$B$5,'Fuel Log'!$D$5:$D$104,$D6,'Fuel Log'!$E$5:$E$104,"Completed",'Fuel Log'!$N$5:$N$104,">0"))) | F6: =IF(OR(Assumptions!$B$4="",Assumptions!$B$5="",$D6=""),"",IF(COUNTIFS('Fuel Log'!$A$5:$A$104,">="&Assumptions!$B$4,'Fuel Log'!$A$5:$A$104,"<="&Assumptions!$B$5,'Fuel Log'!$D$5:$D$104,$D6,'Fuel Log'!$E$5:$E$104,"Completed",'Fuel Log'!$N$5:$N$104,">0")=0,"",SUMIFS('Fuel Log'!$N$5:$N$104,'Fuel Log'!$A$5:$A$104,">="&Assumptions!$B$4,'Fuel Log'!$A$5:$A$104,"<="&Assumptions!$B$5,'Fuel Log'!$D$5:$D$104,$D6,'Fuel Log'!$E$5:$E$104,"Completed")))
A7: Period Fuel Budget | B7: ='Assumptions'!$B$6 | D7: ='Assumptions'!$A$15 | E7: =IF(OR(Assumptions!$B$4="",Assumptions!$B$5="",$D7=""),"",IF(COUNTIFS('Fuel Log'!$A$5:$A$104,">="&Assumptions!$B$4,'Fuel Log'!$A$5:$A$104,"<="&Assumptions!$B$5,'Fuel Log'!$D$5:$D$104,$D7,'Fuel Log'!$E$5:$E$104,"Completed",'Fuel Log'!$N$5:$N$104,">0")=0,"",SUMIFS('Fuel Log'!$M$5:$M$104,'Fuel Log'!$A$5:$A$104,">="&Assumptions!$B$4,'Fuel Log'!$A$5:$A$104,"<="&Assumptions!$B$5,'Fuel Log'!$D$5:$D$104,$D7,'Fuel Log'!$E$5:$E$104,"Completed",'Fuel Log'!$N$5:$N$104,">0"))) | F7: =IF(OR(Assumptions!$B$4="",Assumptions!$B$5="",$D7=""),"",IF(COUNTIFS('Fuel Log'!$A$5:$A$104,">="&Assumptions!$B$4,'Fuel Log'!$A$5:$A$104,"<="&Assumptions!$B$5,'Fuel Log'!$D$5:$D$104,$D7,'Fuel Log'!$E$5:$E$104,"Completed",'Fuel Log'!$N$5:$N$104,">0")=0,"",SUMIFS('Fuel Log'!$N$5:$N$104,'Fuel Log'!$A$5:$A$104,">="&Assumptions!$B$4,'Fuel Log'!$A$5:$A$104,"<="&Assumptions!$B$5,'Fuel Log'!$D$5:$D$104,$D7,'Fuel Log'!$E$5:$E$104,"Completed")))
A8: Logged Trips | B8: =IF(OR($B$5="",$B$6=""),"",COUNTIFS('Fuel Log'!$A$5:$A$104,">="&$B$5,'Fuel Log'!$A$5:$A$104,"<="&$B$6)) | D8: ='Assumptions'!$A$16 | E8: =IF(OR(Assumptions!$B$4="",Assumptions!$B$5="",$D8=""),"",IF(COUNTIFS('Fuel Log'!$A$5:$A$104,">="&Assumptions!$B$4,'Fuel Log'!$A$5:$A$104,"<="&Assumptions!$B$5,'Fuel Log'!$D$5:$D$104,$D8,'Fuel Log'!$E$5:$E$104,"Completed",'Fuel Log'!$N$5:$N$104,">0")=0,"",SUMIFS('Fuel Log'!$M$5:$M$104,'Fuel Log'!$A$5:$A$104,">="&Assumptions!$B$4,'Fuel Log'!$A$5:$A$104,"<="&Assumptions!$B$5,'Fuel Log'!$D$5:$D$104,$D8,'Fuel Log'!$E$5:$E$104,"Completed",'Fuel Log'!$N$5:$N$104,">0"))) | F8: =IF(OR(Assumptions!$B$4="",Assumptions!$B$5="",$D8=""),"",IF(COUNTIFS('Fuel Log'!$A$5:$A$104,">="&Assumptions!$B$4,'Fuel Log'!$A$5:$A$104,"<="&Assumptions!$B$5,'Fuel Log'!$D$5:$D$104,$D8,'Fuel Log'!$E$5:$E$104,"Completed",'Fuel Log'!$N$5:$N$104,">0")=0,"",SUMIFS('Fuel Log'!$N$5:$N$104,'Fuel Log'!$A$5:$A$104,">="&Assumptions!$B$4,'Fuel Log'!$A$5:$A$104,"<="&Assumptions!$B$5,'Fuel Log'!$D$5:$D$104,$D8,'Fuel Log'!$E$5:$E$104,"Completed")))
A9: Completed Trips | B9: =IF(OR($B$5="",$B$6=""),"",COUNTIFS('Fuel Log'!$A$5:$A$104,">="&$B$5,'Fuel Log'!$A$5:$A$104,"<="&$B$6,'Fuel Log'!$E$5:$E$104,"Completed"))
A10: Planned Miles | B10: =IF(COUNTIFS('Fuel Log'!$A$5:$A$104,">="&$B$5,'Fuel Log'!$A$5:$A$104,"<="&$B$6,'Fuel Log'!$E$5:$E$104,"<>Canceled",'Fuel Log'!$E$5:$E$104,"<>")=0,"",SUMIFS('Fuel Log'!$F$5:$F$104,'Fuel Log'!$A$5:$A$104,">="&$B$5,'Fuel Log'!$A$5:$A$104,"<="&$B$6,'Fuel Log'!$E$5:$E$104,"<>Canceled",'Fuel Log'!$E$5:$E$104,"<>"))
A11: Actual Miles | B11: =IF(COUNTIFS('Fuel Log'!$A$5:$A$104,">="&$B$5,'Fuel Log'!$A$5:$A$104,"<="&$B$6,'Fuel Log'!$E$5:$E$104,"Completed",'Fuel Log'!$G$5:$G$104,">0")=0,"",SUMIFS('Fuel Log'!$G$5:$G$104,'Fuel Log'!$A$5:$A$104,">="&$B$5,'Fuel Log'!$A$5:$A$104,"<="&$B$6,'Fuel Log'!$E$5:$E$104,"Completed"))
A12: Recorded Budget Fuel Cost | B12: =IF(COUNTIFS('Fuel Log'!$A$5:$A$104,">="&$B$5,'Fuel Log'!$A$5:$A$104,"<="&$B$6,'Fuel Log'!$M$5:$M$104,">0")=0,"",SUMIFS('Fuel Log'!$M$5:$M$104,'Fuel Log'!$A$5:$A$104,">="&$B$5,'Fuel Log'!$A$5:$A$104,"<="&$B$6))
A13: Recorded Actual Fuel Cost | B13: =IF(COUNTIFS('Fuel Log'!$A$5:$A$104,">="&$B$5,'Fuel Log'!$A$5:$A$104,"<="&$B$6,'Fuel Log'!$E$5:$E$104,"Completed",'Fuel Log'!$N$5:$N$104,">0")=0,"",SUMIFS('Fuel Log'!$N$5:$N$104,'Fuel Log'!$A$5:$A$104,">="&$B$5,'Fuel Log'!$A$5:$A$104,"<="&$B$6,'Fuel Log'!$E$5:$E$104,"Completed"))
A14: Completed Cost Variance | B14: =IF($B$13="","",$B$13-SUMIFS('Fuel Log'!$M$5:$M$104,'Fuel Log'!$A$5:$A$104,">="&$B$5,'Fuel Log'!$A$5:$A$104,"<="&$B$6,'Fuel Log'!$E$5:$E$104,"Completed",'Fuel Log'!$N$5:$N$104,">0"))
A15: Period Budget Remaining | B15: =IF(OR($B$7="",$B$13=""),"",$B$7-$B$13)
A16: Average Actual MPG | B16: =IF($B$13="","",IFERROR(SUMIFS('Fuel Log'!$G$5:$G$104,'Fuel Log'!$A$5:$A$104,">="&$B$5,'Fuel Log'!$A$5:$A$104,"<="&$B$6,'Fuel Log'!$E$5:$E$104,"Completed")/SUMIFS('Fuel Log'!$I$5:$I$104,'Fuel Log'!$A$5:$A$104,">="&$B$5,'Fuel Log'!$A$5:$A$104,"<="&$B$6,'Fuel Log'!$E$5:$E$104,"Completed"),""))
A17: Trips Flagged for Review | B17: =IF(OR($B$5="",$B$6=""),"",COUNTIFS('Fuel Log'!$A$5:$A$104,">="&$B$5,'Fuel Log'!$A$5:$A$104,"<="&$B$6,'Fuel Log'!$Q$5:$Q$104,"Check*"))
A18: Budget Used | B18: =IF(OR($B$7="",$B$13=""),"",IFERROR($B$13/$B$7,""))

Sheet Fuel Log
A1: Pest Control Fuel Budget Log
A2: Yellow cells are inputs. Sample fuel records, technicians, routes, and vehicles are entirely fictional.
A4: Date | B4: Route | C4: Technician | D4: Vehicle | E4: Status | F4: Planned Miles | G4: Actual Miles | H4: Budget MPG | I4: Actual Gallons | J4: Budget Price per Gallon | K4: Actual Price per Gallon | L4: Budget Gallons | M4: Budget Fuel Cost | N4: Actual Fuel Cost | O4: Cost Variance | P4: Actual MPG | Q4: Review Flag
A5: 46247 | B5: Fictional North Loop | C5: Avery Quill (Fictional) | D5: Fictional Van A | E5: Completed | F5: 62 | G5: 64 | H5: =IF($D5="","",IFERROR(VLOOKUP($D5,Assumptions!$A$13:$D$20,3,FALSE),"")) | I5: 3.4 | J5: =IF($D5="","",IFERROR(VLOOKUP($D5,Assumptions!$A$13:$D$20,4,FALSE),"")) | K5: 3.59 | L5: =IF(OR($A5="",$E5="Canceled",$F5="",$H5=""),"",IFERROR($F5/$H5,"")) | M5: =IF(OR($L5="",$J5=""),"",$L5*$J5) | N5: =IF(OR($I5="",$K5=""),"",$I5*$K5) | O5: =IF(OR($M5="",$N5=""),"",$N5-$M5) | P5: =IF(OR($G5="",$I5=""),"",IFERROR($G5/$I5,"")) | Q5: =IF($A5="","",IF($E5="Canceled","",IF(AND($E5="Completed",OR($G5="",$I5="",$K5="")),"Check missing actuals",IF(AND($O5<>"",Assumptions!$B$7<>"",IFERROR(ABS($O5),0)>=Assumptions!$B$7),"Check cost variance",IF(AND($P5<>"",$H5<>"",Assumptions!$B$8<>"",$P5<$H5*(1-Assumptions!$B$8)),"Check MPG","")))))
A6: 46250 | B6: Fictional East Loop | C6: Morgan Vale (Fictional) | D6: Fictional Van B | E6: Completed | F6: 48 | G6: 50 | H6: =IF($D6="","",IFERROR(VLOOKUP($D6,Assumptions!$A$13:$D$20,3,FALSE),"")) | I6: 3 | J6: =IF($D6="","",IFERROR(VLOOKUP($D6,Assumptions!$A$13:$D$20,4,FALSE),"")) | K6: 3.62 | L6: =IF(OR($A6="",$E6="Canceled",$F6="",$H6=""),"",IFERROR($F6/$H6,"")) | M6: =IF(OR($L6="",$J6=""),"",$L6*$J6) | N6: =IF(OR($I6="",$K6=""),"",$I6*$K6) | O6: =IF(OR($M6="",$N6=""),"",$N6-$M6) | P6: =IF(OR($G6="",$I6=""),"",IFERROR($G6/$I6,"")) | Q6: =IF($A6="","",IF($E6="Canceled","",IF(AND($E6="Completed",OR($G6="",$I6="",$K6="")),"Check missing actuals",IF(AND($O6<>"",Assumptions!$B$7<>"",IFERROR(ABS($O6),0)>=Assumptions!$B$7),"Check cost variance",IF(AND($P6<>"",$H6<>"",Assumptions!$B$8<>"",$P6<$H6*(1-Assumptions!$B$8)),"Check MPG","")))))
A7: 46253 | B7: Fictional South Loop | C7: Riley Ember (Fictional) | D7: Fictional Hybrid C | E7: Completed | F7: 75 | G7: 72 | H7: =IF($D7="","",IFERROR(VLOOKUP($D7,Assumptions!$A$13:$D$20,3,FALSE),"")) | I7: 2.4 | J7: =IF($D7="","",IFERROR(VLOOKUP($D7,Assumptions!$A$13:$D$20,4,FALSE),"")) | K7: 3.58 | L7: =IF(OR($A7="",$E7="Canceled",$F7="",$H7=""),"",IFERROR($F7/$H7,"")) | M7: =IF(OR($L7="",$J7=""),"",$L7*$J7) | N7: =IF(OR($I7="",$K7=""),"",$I7*$K7) | O7: =IF(OR($M7="",$N7=""),"",$N7-$M7) | P7: =IF(OR($G7="",$I7=""),"",IFERROR($G7/$I7,"")) | Q7: =IF($A7="","",IF($E7="Canceled","",IF(AND($E7="Completed",OR($G7="",$I7="",$K7="")),"Check missing actuals",IF(AND($O7<>"",Assumptions!$B$7<>"",IFERROR(ABS($O7),0)>=Assumptions!$B$7),"Check cost variance",IF(AND($P7<>"",$H7<>"",Assumptions!$B$8<>"",$P7<$H7*(1-Assumptions!$B$8)),"Check MPG","")))))
A8: 46256 | B8: Fictional West Loop | C8: Jordan Pine (Fictional) | D8: Fictional Truck D | E8: Completed | F8: 88 | G8: 91 | H8: =IF($D8="","",IFERROR(VLOOKUP($D8,Assumptions!$A$13:$D$20,3,FALSE),"")) | I8: 6.2 | J8: =IF($D8="","",IFERROR(VLOOKUP($D8,Assumptions!$A$13:$D$20,4,FALSE),"")) | K8: 3.74 | L8: =IF(OR($A8="",$E8="Canceled",$F8="",$H8=""),"",IFERROR($F8/$H8,"")) | M8: =IF(OR($L8="",$J8=""),"",$L8*$J8) | N8: =IF(OR($I8="",$K8=""),"",$I8*$K8) | O8: =IF(OR($M8="",$N8=""),"",$N8-$M8) | P8: =IF(OR($G8="",$I8=""),"",IFERROR($G8/$I8,"")) | Q8: =IF($A8="","",IF($E8="Canceled","",IF(AND($E8="Completed",OR($G8="",$I8="",$K8="")),"Check missing actuals",IF(AND($O8<>"",Assumptions!$B$7<>"",IFERROR(ABS($O8),0)>=Assumptions!$B$7),"Check cost variance",IF(AND($P8<>"",$H8<>"",Assumptions!$B$8<>"",$P8<$H8*(1-Assumptions!$B$8)),"Check MPG","")))))
A9: 46259 | B9: Fictional North Loop | C9: Avery Quill (Fictional) | D9: Fictional Van A | E9: Completed | F9: 55 | G9: 58 | H9: =IF($D9="","",IFERROR(VLOOKUP($D9,Assumptions!$A$13:$D$20,3,FALSE),"")) | I9: 3.5 | J9: =IF($D9="","",IFERROR(VLOOKUP($D9,Assumptions!$A$13:$D$20,4,FALSE),"")) | K9: 3.67 | L9: =IF(OR($A9="",$E9="Canceled",$F9="",$H9=""),"",IFERROR($F9/$H9,"")) | M9: =IF(OR($L9="",$J9=""),"",$L9*$J9) | N9: =IF(OR($I9="",$K9=""),"",$I9*$K9) | O9: =IF(OR($M9="",$N9=""),"",$N9-$M9) | P9: =IF(OR($G9="",$I9=""),"",IFERROR($G9/$I9,"")) | Q9: =IF($A9="","",IF($E9="Canceled","",IF(AND($E9="Completed",OR($G9="",$I9="",$K9="")),"Check missing actuals",IF(AND($O9<>"",Assumptions!$B$7<>"",IFERROR(ABS($O9),0)>=Assumptions!$B$7),"Check cost variance",IF(AND($P9<>"",$H9<>"",Assumptions!$B$8<>"",$P9<$H9*(1-Assumptions!$B$8)),"Check MPG","")))))
A10: 46262 | B10: Fictional East Loop | C10: Morgan Vale (Fictional) | D10: Fictional Van B | E10: Completed | F10: 67 | G10: 69 | H10: =IF($D10="","",IFERROR(VLOOKUP($D10,Assumptions!$A$13:$D$20,3,FALSE),"")) | I10: 4.5 | J10: =IF($D10="","",IFERROR(VLOOKUP($D10,Assumptions!$A$13:$D$20,4,FALSE),"")) | K10: 3.71 | L10: =IF(OR($A10="",$E10="Canceled",$F10="",$H10=""),"",IFERROR($F10/$H10,"")) | M10: =IF(OR($L10="",$J10=""),"",$L10*$J10) | N10: =IF(OR($I10="",$K10=""),"",$I10*$K10) | O10: =IF(OR($M10="",$N10=""),"",$N10-$M10) | P10: =IF(OR($G10="",$I10=""),"",IFERROR($G10/$I10,"")) | Q10: =IF($A10="","",IF($E10="Canceled","",IF(AND($E10="Completed",OR($G10="",$I10="",$K10="")),"Check missing actuals",IF(AND($O10<>"",Assumptions!$B$7<>"",IFERROR(ABS($O10),0)>=Assumptions!$B$7),"Check cost variance",IF(AND($P10<>"",$H10<>"",Assumptions!$B$8<>"",$P10<$H10*(1-Assumptions!$B$8)),"Check MPG","")))))
A11: 46265 | B11: Fictional South Loop | C11: Riley Ember (Fictional) | D11: Fictional Hybrid C | E11: Completed | F11: 42 | G11: 44 | H11: =IF($D11="","",IFERROR(VLOOKUP($D11,Assumptions!$A$13:$D$20,3,FALSE),"")) | I11: 1.3 | J11: =IF($D11="","",IFERROR(VLOOKUP($D11,Assumptions!$A$13:$D$20,4,FALSE),"")) | K11: 3.63 | L11: =IF(OR($A11="",$E11="Canceled",$F11="",$H11=""),"",IFERROR($F11/$H11,"")) | M11: =IF(OR($L11="",$J11=""),"",$L11*$J11) | N11: =IF(OR($I11="",$K11=""),"",$I11*$K11) | O11: =IF(OR($M11="",$N11=""),"",$N11-$M11) | P11: =IF(OR($G11="",$I11=""),"",IFERROR($G11/$I11,"")) | Q11: =IF($A11="","",IF($E11="Canceled","",IF(AND($E11="Completed",OR($G11="",$I11="",$K11="")),"Check missing actuals",IF(AND($O11<>"",Assumptions!$B$7<>"",IFERROR(ABS($O11),0)>=Assumptions!$B$7),"Check cost variance",IF(AND($P11<>"",$H11<>"",Assumptions!$B$8<>"",$P11<$H11*(1-Assumptions!$B$8)),"Check MPG","")))))
A12: 46268 | B12: Fictional West Loop | C12: Jordan Pine (Fictional) | D12: Fictional Truck D | E12: Completed | F12: 96 | G12: 100 | H12: =IF($D12="","",IFERROR(VLOOKUP($D12,Assumptions!$A$13:$D$20,3,FALSE),"")) | I12: 6.8 | J12: =IF($D12="","",IFERROR(VLOOKUP($D12,Assumptions!$A$13:$D$20,4,FALSE),"")) | K12: 4.4 | L12: =IF(OR($A12="",$E12="Canceled",$F12="",$H12=""),"",IFERROR($F12/$H12,"")) | M12: =IF(OR($L12="",$J12=""),"",$L12*$J12) | N12: =IF(OR($I12="",$K12=""),"",$I12*$K12) | O12: =IF(OR($M12="",$N12=""),"",$N12-$M12) | P12: =IF(OR($G12="",$I12=""),"",IFERROR($G12/$I12,"")) | Q12: =IF($A12="","",IF($E12="Canceled","",IF(AND($E12="Completed",OR($G12="",$I12="",$K12="")),"Check missing actuals",IF(AND($O12<>"",Assumptions!$B$7<>"",IFERROR(ABS($O12),0)>=Assumptions!$B$7),"Check cost variance",IF(AND($P12<>"",$H12<>"",Assumptions!$B$8<>"",$P12<$H12*(1-Assumptions!$B$8)),"Check MPG","")))))
A13: 46273 | B13: Fictional North Loop | C13: Avery Quill (Fictional) | D13: Fictional Van A | E13: Planned | F13: 70 | H13: =IF($D13="","",IFERROR(VLOOKUP($D13,Assumptions!$A$13:$D$20,3,FALSE),"")) | J13: =IF($D13="","",IFERROR(VLOOKUP($D13,Assumptions!$A$13:$D$20,4,FALSE),"")) | L13: =IF(OR($A13="",$E13="Canceled",$F13="",$H13=""),"",IFERROR($F13/$H13,"")) | M13: =IF(OR($L13="",$J13=""),"",$L13*$J13) | N13: =IF(OR($I13="",$K13=""),"",$I13*$K13) | O13: =IF(OR($M13="",$N13=""),"",$N13-$M13) | P13: =IF(OR($G13="",$I13=""),"",IFERROR($G13/$I13,"")) | Q13: =IF($A13="","",IF($E13="Canceled","",IF(AND($E13="Completed",OR($G13="",$I13="",$K13="")),"Check missing actuals",IF(AND($O13<>"",Assumptions!$B$7<>"",IFERROR(ABS($O13),0)>=Assumptions!$B$7),"Check cost variance",IF(AND($P13<>"",$H13<>"",Assumptions!$B$8<>"",$P13<$H13*(1-Assumptions!$B$8)),"Check MPG","")))))
A14: 46276 | B14: Fictional East Loop | C14: Riley Ember (Fictional) | D14: Fictional Hybrid C | E14: Canceled | F14: 50 | H14: =IF($D14="","",IFERROR(VLOOKUP($D14,Assumptions!$A$13:$D$20,3,FALSE),"")) | J14: =IF($D14="","",IFERROR(VLOOKUP($D14,Assumptions!$A$13:$D$20,4,FALSE),"")) | L14: =IF(OR($A14="",$E14="Canceled",$F14="",$H14=""),"",IFERROR($F14/$H14,"")) | M14: =IF(OR($L14="",$J14=""),"",$L14*$J14) | N14: =IF(OR($I14="",$K14=""),"",$I14*$K14) | O14: =IF(OR($M14="",$N14=""),"",$N14-$M14) | P14: =IF(OR($G14="",$I14=""),"",IFERROR($G14/$I14,"")) | Q14: =IF($A14="","",IF($E14="Canceled","",IF(AND($E14="Completed",OR($G14="",$I14="",$K14="")),"Check missing actuals",IF(AND($O14<>"",Assumptions!$B$7<>"",IFERROR(ABS($O14),0)>=Assumptions!$B$7),"Check cost variance",IF(AND($P14<>"",$H14<>"",Assumptions!$B$8<>"",$P14<$H14*(1-Assumptions!$B$8)),"Check MPG","")))))
H15: =IF($D15="","",IFERROR(VLOOKUP($D15,Assumptions!$A$13:$D$20,3,FALSE),"")) | J15: =IF($D15="","",IFERROR(VLOOKUP($D15,Assumptions!$A$13:$D$20,4,FALSE),"")) | L15: =IF(OR($A15="",$E15="Canceled",$F15="",$H15=""),"",IFERROR($F15/$H15,"")) | M15: =IF(OR($L15="",$J15=""),"",$L15*$J15) | N15: =IF(OR($I15="",$K15=""),"",$I15*$K15) | O15: =IF(OR($M15="",$N15=""),"",$N15-$M15) | P15: =IF(OR($G15="",$I15=""),"",IFERROR($G15/$I15,"")) | Q15: =IF($A15="","",IF($E15="Canceled","",IF(AND($E15="Completed",OR($G15="",$I15="",$K15="")),"Check missing actuals",IF(AND($O15<>"",Assumptions!$B$7<>"",IFERROR(ABS($O15),0)>=Assumptions!$B$7),"Check cost variance",IF(AND($P15<>"",$H15<>"",Assumptions!$B$8<>"",$P15<$H15*(1-Assumptions!$B$8)),"Check MPG","")))))
H16: =IF($D16="","",IFERROR(VLOOKUP($D16,Assumptions!$A$13:$D$20,3,FALSE),"")) | J16: =IF($D16="","",IFERROR(VLOOKUP($D16,Assumptions!$A$13:$D$20,4,FALSE),"")) | L16: =IF(OR($A16="",$E16="Canceled",$F16="",$H16=""),"",IFERROR($F16/$H16,"")) | M16: =IF(OR($L16="",$J16=""),"",$L16*$J16) | N16: =IF(OR($I16="",$K16=""),"",$I16*$K16) | O16: =IF(OR($M16="",$N16=""),"",$N16-$M16) | P16: =IF(OR($G16="",$I16=""),"",IFERROR($G16/$I16,"")) | Q16: =IF($A16="","",IF($E16="Canceled","",IF(AND($E16="Completed",OR($G16="",$I16="",$K16="")),"Check missing actuals",IF(AND($O16<>"",Assumptions!$B$7<>"",IFERROR(ABS($O16),0)>=Assumptions!$B$7),"Check cost variance",IF(AND($P16<>"",$H16<>"",Assumptions!$B$8<>"",$P16<$H16*(1-Assumptions!$B$8)),"Check MPG","")))))
H17: =IF($D17="","",IFERROR(VLOOKUP($D17,Assumptions!$A$13:$D$20,3,FALSE),"")) | J17: =IF($D17="","",IFERROR(VLOOKUP($D17,Assumptions!$A$13:$D$20,4,FALSE),"")) | L17: =IF(OR($A17="",$E17="Canceled",$F17="",$H17=""),"",IFERROR($F17/$H17,"")) | M17: =IF(OR($L17="",$J17=""),"",$L17*$J17) | N17: =IF(OR($I17="",$K17=""),"",$I17*$K17) | O17: =IF(OR($M17="",$N17=""),"",$N17-$M17) | P17: =IF(OR($G17="",$I17=""),"",IFERROR($G17/$I17,"")) | Q17: =IF($A17="","",IF($E17="Canceled","",IF(AND($E17="Completed",OR($G17="",$I17="",$K17="")),"Check missing actuals",IF(AND($O17<>"",Assumptions!$B$7<>"",IFERROR(ABS($O17),0)>=Assumptions!$B$7),"Check cost variance",IF(AND($P17<>"",$H17<>"",Assumptions!$B$8<>"",$P17<$H17*(1-Assumptions!$B$8)),"Check MPG","")))))
H18: =IF($D18="","",IFERROR(VLOOKUP($D18,Assumptions!$A$13:$D$20,3,FALSE),"")) | J18: =IF($D18="","",IFERROR(VLOOKUP($D18,Assumptions!$A$13:$D$20,4,FALSE),"")) | L18: =IF(OR($A18="",$E18="Canceled",$F18="",$H18=""),"",IFERROR($F18/$H18,"")) | M18: =IF(OR($L18="",$J18=""),"",$L18*$J18) | N18: =IF(OR($I18="",$K18=""),"",$I18*$K18) | O18: =IF(OR($M18="",$N18=""),"",$N18-$M18) | P18: =IF(OR($G18="",$I18=""),"",IFERROR($G18/$I18,"")) | Q18: =IF($A18="","",IF($E18="Canceled","",IF(AND($E18="Completed",OR($G18="",$I18="",$K18="")),"Check missing actuals",IF(AND($O18<>"",Assumptions!$B$7<>"",IFERROR(ABS($O18),0)>=Assumptions!$B$7),"Check cost variance",IF(AND($P18<>"",$H18<>"",Assumptions!$B$8<>"",$P18<$H18*(1-Assumptions!$B$8)),"Check MPG","")))))
H19: =IF($D19="","",IFERROR(VLOOKUP($D19,Assumptions!$A$13:$D$20,3,FALSE),"")) | J19: =IF($D19="","",IFERROR(VLOOKUP($D19,Assumptions!$A$13:$D$20,4,FALSE),"")) | L19: =IF(OR($A19="",$E19="Canceled",$F19="",$H19=""),"",IFERROR($F19/$H19,"")) | M19: =IF(OR($L19="",$J19=""),"",$L19*$J19) | N19: =IF(OR($I19="",$K19=""),"",$I19*$K19) | O19: =IF(OR($M19="",$N19=""),"",$N19-$M19) | P19: =IF(OR($G19="",$I19=""),"",IFERROR($G19/$I19,"")) | Q19: =IF($A19="","",IF($E19="Canceled","",IF(AND($E19="Completed",OR($G19="",$I19="",$K19="")),"Check missing actuals",IF(AND($O19<>"",Assumptions!$B$7<>"",IFERROR(ABS($O19),0)>=Assumptions!$B$7),"Check cost variance",IF(AND($P19<>"",$H19<>"",Assumptions!$B$8<>"",$P19<$H19*(1-Assumptions!$B$8)),"Check MPG","")))))
H20: =IF($D20="","",IFERROR(VLOOKUP($D20,Assumptions!$A$13:$D$20,3,FALSE),"")) | J20: =IF($D20="","",IFERROR(VLOOKUP($D20,Assumptions!$A$13:$D$20,4,FALSE),"")) | L20: =IF(OR($A20="",$E20="Canceled",$F20="",$H20=""),"",IFERROR($F20/$H20,"")) | M20: =IF(OR($L20="",$J20=""),"",$L20*$J20) | N20: =IF(OR($I20="",$K20=""),"",$I20*$K20) | O20: =IF(OR($M20="",$N20=""),"",$N20-$M20) | P20: =IF(OR($G20="",$I20=""),"",IFERROR($G20/$I20,"")) | Q20: =IF($A20="","",IF($E20="Canceled","",IF(AND($E20="Completed",OR($G20="",$I20="",$K20="")),"Check missing actuals",IF(AND($O20<>"",Assumptions!$B$7<>"",IFERROR(ABS($O20),0)>=Assumptions!$B$7),"Check cost variance",IF(AND($P20<>"",$H20<>"",Assumptions!$B$8<>"",$P20<$H20*(1-Assumptions!$B$8)),"Check MPG","")))))
H21: =IF($D21="","",IFERROR(VLOOKUP($D21,Assumptions!$A$13:$D$20,3,FALSE),"")) | J21: =IF($D21="","",IFERROR(VLOOKUP($D21,Assumptions!$A$13:$D$20,4,FALSE),"")) | L21: =IF(OR($A21="",$E21="Canceled",$F21="",$H21=""),"",IFERROR($F21/$H21,"")) | M21: =IF(OR($L21="",$J21=""),"",$L21*$J21) | N21: =IF(OR($I21="",$K21=""),"",$I21*$K21) | O21: =IF(OR($M21="",$N21=""),"",$N21-$M21) | P21: =IF(OR($G21="",$I21=""),"",IFERROR($G21/$I21,"")) | Q21: =IF($A21="","",IF($E21="Canceled","",IF(AND($E21="Completed",OR($G21="",$I21="",$K21="")),"Check missing actuals",IF(AND($O21<>"",Assumptions!$B$7<>"",IFERROR(ABS($O21),0)>=Assumptions!$B$7),"Check cost variance",IF(AND($P21<>"",$H21<>"",Assumptions!$B$8<>"",$P21<$H21*(1-Assumptions!$B$8)),"Check MPG","")))))
H22: =IF($D22="","",IFERROR(VLOOKUP($D22,Assumptions!$A$13:$D$20,3,FALSE),"")) | J22: =IF($D22="","",IFERROR(VLOOKUP($D22,Assumptions!$A$13:$D$20,4,FALSE),"")) | L22: =IF(OR($A22="",$E22="Canceled",$F22="",$H22=""),"",IFERROR($F22/$H22,"")) | M22: =IF(OR($L22="",$J22=""),"",$L22*$J22) | N22: =IF(OR($I22="",$K22=""),"",$I22*$K22) | O22: =IF(OR($M22="",$N22=""),"",$N22-$M22) | P22: =IF(OR($G22="",$I22=""),"",IFERROR($G22/$I22,"")) | Q22: =IF($A22="","",IF($E22="Canceled","",IF(AND($E22="Completed",OR($G22="",$I22="",$K22="")),"Check missing actuals",IF(AND($O22<>"",Assumptions!$B$7<>"",IFERROR(ABS($O22),0)>=Assumptions!$B$7),"Check cost variance",IF(AND($P22<>"",$H22<>"",Assumptions!$B$8<>"",$P22<$H22*(1-Assumptions!$B$8)),"Check MPG","")))))
H23: =IF($D23="","",IFERROR(VLOOKUP($D23,Assumptions!$A$13:$D$20,3,FALSE),"")) | J23: =IF($D23="","",IFERROR(VLOOKUP($D23,Assumptions!$A$13:$D$20,4,FALSE),"")) | L23: =IF(OR($A23="",$E23="Canceled",$F23="",$H23=""),"",IFERROR($F23/$H23,"")) | M23: =IF(OR($L23="",$J23=""),"",$L23*$J23) | N23: =IF(OR($I23="",$K23=""),"",$I23*$K23) | O23: =IF(OR($M23="",$N23=""),"",$N23-$M23) | P23: =IF(OR($G23="",$I23=""),"",IFERROR($G23/$I23,"")) | Q23: =IF($A23="","",IF($E23="Canceled","",IF(AND($E23="Completed",OR($G23="",$I23="",$K23="")),"Check missing actuals",IF(AND($O23<>"",Assumptions!$B$7<>"",IFERROR(ABS($O23),0)>=Assumptions!$B$7),"Check cost variance",IF(AND($P23<>"",$H23<>"",Assumptions!$B$8<>"",$P23<$H23*(1-Assumptions!$B$8)),"Check MPG","")))))
H24: =IF($D24="","",IFERROR(VLOOKUP($D24,Assumptions!$A$13:$D$20,3,FALSE),"")) | J24: =IF($D24="","",IFERROR(VLOOKUP($D24,Assumptions!$A$13:$D$20,4,FALSE),"")) | L24: =IF(OR($A24="",$E24="Canceled",$F24="",$H24=""),"",IFERROR($F24/$H24,"")) | M24: =IF(OR($L24="",$J24=""),"",$L24*$J24) | N24: =IF(OR($I24="",$K24=""),"",$I24*$K24) | O24: =IF(OR($M24="",$N24=""),"",$N24-$M24) | P24: =IF(OR($G24="",$I24=""),"",IFERROR($G24/$I24,"")) | Q24: =IF($A24="","",IF($E24="Canceled","",IF(AND($E24="Completed",OR($G24="",$I24="",$K24="")),"Check missing actuals",IF(AND($O24<>"",Assumptions!$B$7<>"",IFERROR(ABS($O24),0)>=Assumptions!$B$7),"Check cost variance",IF(AND($P24<>"",$H24<>"",Assumptions!$B$8<>"",$P24<$H24*(1-Assumptions!$B$8)),"Check MPG","")))))
H25: =IF($D25="","",IFERROR(VLOOKUP($D25,Assumptions!$A$13:$D$20,3,FALSE),"")) | J25: =IF($D25="","",IFERROR(VLOOKUP($D25,Assumptions!$A$13:$D$20,4,FALSE),"")) | L25: =IF(OR($A25="",$E25="Canceled",$F25="",$H25=""),"",IFERROR($F25/$H25,"")) | M25: =IF(OR($L25="",$J25=""),"",$L25*$J25) | N25: =IF(OR($I25="",$K25=""),"",$I25*$K25) | O25: =IF(OR($M25="",$N25=""),"",$N25-$M25) | P25: =IF(OR($G25="",$I25=""),"",IFERROR($G25/$I25,"")) | Q25: =IF($A25="","",IF($E25="Canceled","",IF(AND($E25="Completed",OR($G25="",$I25="",$K25="")),"Check missing actuals",IF(AND($O25<>"",Assumptions!$B$7<>"",IFERROR(ABS($O25),0)>=Assumptions!$B$7),"Check cost variance",IF(AND($P25<>"",$H25<>"",Assumptions!$B$8<>"",$P25<$H25*(1-Assumptions!$B$8)),"Check MPG","")))))
H26: =IF($D26="","",IFERROR(VLOOKUP($D26,Assumptions!$A$13:$D$20,3,FALSE),"")) | J26: =IF($D26="","",IFERROR(VLOOKUP($D26,Assumptions!$A$13:$D$20,4,FALSE),"")) | L26: =IF(OR($A26="",$E26="Canceled",$F26="",$H26=""),"",IFERROR($F26/$H26,"")) | M26: =IF(OR($L26="",$J26=""),"",$L26*$J26) | N26: =IF(OR($I26="",$K26=""),"",$I26*$K26) | O26: =IF(OR($M26="",$N26=""),"",$N26-$M26) | P26: =IF(OR($G26="",$I26=""),"",IFERROR($G26/$I26,"")) | Q26: =IF($A26="","",IF($E26="Canceled","",IF(AND($E26="Completed",OR($G26="",$I26="",$K26="")),"Check missing actuals",IF(AND($O26<>"",Assumptions!$B$7<>"",IFERROR(ABS($O26),0)>=Assumptions!$B$7),"Check cost variance",IF(AND($P26<>"",$H26<>"",Assumptions!$B$8<>"",$P26<$H26*(1-Assumptions!$B$8)),"Check MPG","")))))
... H104: =IF($D104="","",IFERROR(VLOOKUP($D104,Assumptions!$A$13:$D$20,3,FALSE),"")) | J104: =IF($D104="","",IFERROR(VLOOKUP($D104,Assumptions!$A$13:$D$20,4,FALSE),"")) | L104: =IF(OR($A104="",$E104="Canceled",$F104="",$H104=""),"",IFERROR($F104/$H104,"")) | M104: =IF(OR($L104="",$J104=""),"",$L104*$J104) | N104: =IF(OR($I104="",$K104=""),"",$I104*$K104) | O104: =IF(OR($M104="",$N104=""),"",$N104-$M104) | P104: =IF(OR($G104="",$I104=""),"",IFERROR($G104/$I104,"")) | Q104: =IF($A104="","",IF($E104="Canceled","",IF(AND($E104="Completed",OR($G104="",$I104="",$K104="")),"Check missing actuals",IF(AND($O104<>"",Assumptions!$B$7<>"",IFERROR(ABS($O104),0)>=Assumptions!$B$7),"Check cost variance",IF(AND($P104<>"",$H104<>"",Assumptions!$B$8<>"",$P104<$H104*(1-Assumptions!$B$8)),"Check MPG","")))))

Sheet Assumptions
A1: Pest Control Fuel Budget Assumptions
A2: Yellow cells are editable. All sample names, routes, vehicles, and values are fictional planning examples.
A3: Planning Assumption | B3: Editable Value
A4: Budget Period Start | B4: 46247
A5: Budget Period End | B5: 46276
A6: Period Fuel Budget | B6: 350
A7: Cost Variance Review Threshold | B7: 5
A8: MPG Deviation Review Threshold | B8: 0.15
A10: Vehicle Planning Inputs | F10: Route Choices | H10: Technician Choices | J10: Status Choices
A11: Budget MPG and price are editable internal estimates, not guaranteed operating results.
A12: Vehicle | B12: Fuel Type | C12: Budget MPG | D12: Budget Price per Gallon | F12: Route | H12: Technician | J12: Status
A13: Fictional Van A | B13: Gasoline | C13: 19.5 | D13: 3.65 | F13: Fictional North Loop | H13: Avery Quill (Fictional) | J13: Planned
A14: Fictional Van B | B14: Gasoline | C14: 18 | D14: 3.65 | F14: Fictional East Loop | H14: Morgan Vale (Fictional) | J14: Completed
A15: Fictional Hybrid C | B15: Gasoline | C15: 32 | D15: 3.65 | F15: Fictional South Loop | H15: Riley Ember (Fictional) | J15: Canceled
A16: Fictional Truck D | B16: Gasoline | C16: 16 | D16: 3.75 | F16: Fictional West Loop | H16: Jordan Pine (Fictional)
